 Dungeon Crawl Stone Soup version 0.28.0-53-g5a82cb258f (webtiles) character file.

Game seed: 14885219568591620533

0 Groucho the Sneak (level 1, 0/9 HPs)
             Began as a Spriggan Enchanter on June 6, 2022.
             Slain by a quokka (4 damage)
             ... on level 1 of the Dungeon.
             The game lasted 00:00:20 (46 turns).

Groucho the Sneak (Spriggan Enchanter)                Turns: 46, Time: 00:00:20

Health: 0/9        AC:  2    Str:  4    XL:     1   Next: 8%
Magic:  5/5        EV: 17    Int: 16    God:
Gold:   0          SH:  0    Dex: 15    Spells: 5/5 levels left

rFire   . . .      SeeInvis +   a - +1 dagger
rCold   . . .      Faith    .   (no shield)
rNeg    . . .      Spirit   .   b - +0 robe
rPois   .          Reflect  .   (helmet restricted)
rElec   .          Harm     .   (no cloak)
rCorr   .          Rampage  .   (gloves unavailable)
Will    .....                   (boots unavailable)
Stlth   +++.......              (no amulet)
HPRegen 0.03/turn               (no ring)
MPRegen 0.09/turn               (no ring)

@: very quick
A: very small, no large weapons, unfitting armour, see invisible, speed 3
a: no special abilities


You were on level 1 of the Dungeon.
You visited 1 branch of the dungeon, and saw 1 of its levels.

Inventory:

Hand Weapons
 a - a +1 dagger (weapon)
Armour
 b - a +0 robe (worn)
Potions
 c - a potion of invisibility


   Skills:
 - Level 1.1 Short Blades
 - Level 2.6 Dodging
 * Level 4.4 Stealth
 + Level 2.7 Spellcasting
 + Level 3.6 Hexes


You had 5 spell levels left.
You didn't know any spells.
Your spell library contained the following spells:

 Spells                   Type           Power      Damage    Failure   Level
 Confusing Touch          Hex            13%        N/A       13%         3
 Tukima's Dance           Hex            13%        N/A       13%         3
 Ensorcelled Hibernation  Hex/Ice        14%        N/A       14%         2
 Dazzling Flash           Conj/Hex       14%        N/A       28%         3


Dungeon Overview and Level Annotations

Branches:
Dungeon (1/15)

Altars:


Innate Abilities, Weirdness & Mutations

You are very small and have problems with some larger weapons.
You are too small for most types of armour.
You have supernaturally acute eyesight. (SInv)
You cover ground extremely quickly. (Speed+++)


Message History

Welcome, Groucho the Spriggan Enchanter.
You feel drawn to the Orb of Zot, downwards into the unfathomable depths...
Press ? for a list of commands and other information.
Found a staircase leading out of the dungeon.
There is a staircase leading out of the dungeon here.
A bat comes into view.
You hit the bat.
You kill the bat!
No target in view!
No target in view!
A kobold comes into view. It is wielding a +0 whip.
Found a ruby ring.
The kobold shouts!
A quokka comes into view.
You closely miss the kobold. The kobold misses you.
You closely miss the kobold. The kobold barely misses you.
You hit the kobold but do no damage.
A bat comes into view.
The kobold completely misses you.
The bat moves out of view.
You barely miss the kobold. The kobold misses you.
You hit the kobold but do no damage. The quokka misses you.
The kobold hits you with a +0 whip.
Ouch! That really hurt!
You are too injured to fight recklessly!
You are too injured to fight recklessly!
You are too injured to fight recklessly!
You are too injured to fight recklessly!
You are too injured to fight recklessly!
The quokka completely misses you.
You hit the quokka but do no damage. The quokka bites you.
You die...

≈≈≈≈≈≈≈≈....# ≈≈≈≈≈≈......#
≈≈≈≈...##...# #..##...
≈≈.....#<..## #..#.#..
≈..........# ##.=.#.# .
≈.#######..# #.....# .#
.#####.#.## #.....#.#
.........# ########......#.#
#.##.....## #..@rK.#.......#
#.......###.####.#.......#
#..........##.##...........#
#.#.....^........#.#.......#
#
#.......###.####.#......#.#
.......#.# #... ..#.....#.#.
.........# ########.....# .#
.##.##.### #....#.# . #. #.
#...#.#..


You could see a quokka and a kobold.

Vanquished Creatures
  A bat (D:1)
1 creature vanquished.

Notes
Turn   | Place    | Note
-------+----------+-------------------------------------------
     0 | D:1      | Groucho the Spriggan Enchanter began the quest for the Orb.
     0 | D:1      | Reached XP level 1. HP: 9/9 MP: 5/5
    46 | D:1      | Slain by a quokka

Illustrated notes

Levels and vault maps discovered:
D:1:      dpeg_arrival_water_altar, layout_loops_cross,
          hellmonk_ecumenical_altar_heavens_door, minmay_misc_feat_secret_circle

Action                   || total
-------------------------++-------
Melee: Dagger            ||     7
Dodge: Dodged            ||     6
